 Dungeon Crawl Stone Soup version 0.31-a0-202-g547052bce9 (webtiles) character file.

Game seed: 7545836093493435336

302 qw the Skirmisher (level 6, -6/35 HPs)
             Began as a Deep Elf Hunter on June 25, 2023.
             Mangled by a river rat (8 damage)
             ... in a sewer.
             The game lasted 00:00:51 (2285 turns).

qw the Skirmisher (Deep Elf Hunter)                 Turns: 2285, Time: 00:00:51

Health: -6/35      AC:  6    Str: 14    XL:     6   Next: 14%
Magic:  8/8        EV: 12    Int: 14    God:
Gold:   149        SH:  0    Dex: 20    Spells: 5/5 levels left

rFire   . . .        Y - +0 shortbow
rCold   . . .        (shield currently unavailable)
rNeg    . . .        g - +0 ring mail
rPois   .            (no helmet)
rElec   .            (no cloak)
rCorr   .            d - +0 pair of gloves
SInv    .            (no boots)
Will    .....        (no amulet)
Stlth   +            f - +6 ring of strength
HPRegen 0.25/turn    (no ring)
MPRegen 0.11/turn

%: no passive effects
@: no status effects
A: no striking features
a: no special abilities


You were in a sewer.
You visited 1 branch of the dungeon, and saw 4 of its levels.
You also visited: Sewer.

You collected 149 gold pieces.


   Skills:
 - Level 2.0 Fighting
 + Level 9.4 Ranged Weapons
 - Level 3.0 Dodging
 - Level 1.2 Stealth


You had 5 spell levels left.
You didn't know any spells.
Your spell library was empty.

Inventory:

Hand Weapons
 Y - a +0 shortbow (weapon)
Armour
 d - a +0 pair of gloves (worn)
 g - a +0 ring mail (worn)
Jewellery
 f - a +6 ring of strength (left hand)
Scrolls
 a - a scroll of identify
 k - a scroll of enchant armour {unknown}
Potions
 b - a potion of lignification {unknown}
 c - a potion of mutation {unknown}
 e - 3 potions of curing
 h - a potion of resistance {unknown}
 i - a potion of heal wounds {unknown}
 j - a potion of might

Dungeon Overview and Level Annotations

Branches:
Dungeon (4/15)              Sewer (1/1)
 Temple: D:4-7

Altars:


Message History

The river rat completely misses you.
A river rat comes into view.
You shoot an arrow. The arrow hits the river rat.
The river rat is moderately wounded.
The river rat bites you. x2
You shoot an arrow. The arrow barely misses the river rat.
The river rat closely misses you. The river rat bites you.
You shoot an arrow. The arrow barely misses the river rat.
The river rat bites you! The river rat barely misses you.
You shoot an arrow. The arrow closely misses the river rat.
The river rat bites you. The river rat barely misses you.
You shoot an arrow. The arrow closely misses the river rat.
The river rat bites you. x2
You shoot an arrow.
The arrow hits the river rat but does no damage.
The river rat is moderately wounded.
The river rat barely misses you. The river rat bites you.
You shoot an arrow. The arrow hits the river rat.
The river rat is severely wounded.
The river rat bites you.
The river rat bites you but does no damage.
You shoot an arrow. The arrow hits the river rat.
The river rat is almost dead.
The river rat barely misses you. The river rat misses you.
You shoot an arrow.
The arrow hits the river rat but does no damage.
The river rat is almost dead.
The river rat barely misses you. The river rat bites you.
You shoot an arrow. The arrow barely misses the river rat.
The river rat barely misses you.
The river rat bites you but does no damage.
You shoot an arrow. The arrow barely misses the river rat.
The river rat misses you. The river rat completely misses you.
You shoot an arrow.
The arrow hits the river rat but does no damage.
The river rat is almost dead.
The river rat barely misses you. x2
You shoot an arrow. The arrow barely misses the river rat.
The river rat barely misses you. The river rat bites you!
You die...

## ##r# ##@# ##.#r#
##.####
#############.#######
~..~~~.~~.~~~.~~~..~~
..~...~%%%.~%.~.~~~.~
########.############
#~# #~#


You could see 2 river rats.

Vanquished Creatures
  A bullfrog (D:3)
  A scorpion (D:4)
  An orc wizard (D:3)
  8 adders
  A river rat (Sewer)
  A dart slug (D:1)
  12 orcs (D:3)
  8 ball pythons
  5 endoplasms
  3 giant cockroaches
  A goblin (D:1)
  4 hobgoblins
  4 jackals (D:2)
  3 kobolds
  2 quokkas
  3 bats
  3 frilled lizards (Sewer)
  3 rats
64 creatures vanquished.

Notes
Turn   | Place    | Note
-------+----------+-------------------------------------------
     0 | D:1      | qw the Deep Elf Hunter began the quest for the Orb.
     0 | D:1      | Reached XP level 1. HP: 12/12 MP: 3/3
     0 | D:1      | 0 ||| qw: Version: 0.3-a-22-g0ed2b0b
     0 | D:1      | 0 ||| qw: Game counter: 5725
     0 | D:1      | 0 ||| qw: Melee chars always use a shield: true
     0 | D:1      | 0 ||| qw: God list: Okawaru
     0 | D:1      | 0 ||| qw: Allow faded altars: false
     0 | D:1      | 0 ||| qw: Do Orc after clearing Dungeon:15 true
     0 | D:1      | 0 ||| qw: Do second Lair branch before Depths: true
     0 | D:1      | 0 ||| qw: Lair rune preference: random
     0 | D:1      | 0 ||| qw: Goals: Normal
     0 | D:1      | 0 ||| PLANNING D:1-11
   175 | D:1      | Reached XP level 2. HP: 16/16 MP: 4/4
   233 | D:1      | Reached skill level 6 in Ranged Weapons
   329 | D:1      | 329 ||| UPGRADING to +0 pair of gloves.
   334 | D:1      | 334 ||| UPGRADING to +0 ring mail.
   344 | D:1      | 344 ||| DROPPING +0 leather armour.
   345 | D:1      | 345 ||| DROPPING +3 leather armour.
   346 | D:1      | 346 ||| UPGRADING to +6 ring of strength.
   347 | D:1      | 347 ||| DROPPING scroll of butterflies.
   406 | D:2      | Found a faded altar of an unknown god.
   581 | D:2      | Reached XP level 3. HP: 20/20 MP: 5/5
   884 | D:2      | 884 ||| READING 2 scrolls labelled LEETILLOSE.
   885 | D:2      | 885 ||| READING 2 scrolls labelled OGIEMNAPOS.
   886 | D:2      | 886 ||| READING scroll labelled ATUDUC RYCZAUDIC.
   890 | D:2      | 890 ||| READING scroll labelled RORACW HOMAYMP.
   928 | D:2      | 928 ||| DRINKING 2 sedimented golden potions.
   929 | D:2      | 929 ||| DROPPING scroll of revelation.
   977 | D:3      | Reached skill level 7 in Ranged Weapons
  1019 | D:3      | Reached XP level 4. HP: 25/25 MP: 6/6
  1345 | D:3      | Noticed a bullfrog
  1353 | D:3      | Killed a bullfrog
  1354 | D:3      | Reached skill level 8 in Ranged Weapons
  1354 | D:3      | Reached XP level 5. HP: 16/29 MP: 7/7
  1921 | D:3      | 1921 ||| READING scroll labelled DENEEF ZEME.
  1948 | D:4      | 1948 ||| PLANNING SEWER
  2013 | D:4      | Reached skill level 9 in Ranged Weapons
  2078 | D:4      | Found a glowing drain.
  2079 | D:4      | 2079 ||| DRINKING 2 purple potions.
  2093 | Sewer    | Entered a sewer
  2122 | Sewer    | Reached skill level 3 in Dodging
  2122 | Sewer    | Reached XP level 6. HP: 25/34 MP: 8/8
  2277 | Sewer    | HP: 8/35 [river rat (2)]
  2281 | Sewer    | HP: 1/35 [river rat (5)]
  2285 | Sewer    | Mangled by a river rat

Levels and vault maps discovered:
D:1:      wander_arrival_estate, layout_rooms
D:2:      layout_basic, hellmonk_ecumenical_altar_blasted
D:3:      layout_loops_corners
D:4:      layout_loops_corners, nicolae_sif_muna_little_library,
          cheibrodos_sewer_entry_drain
Sewer:    sewer_co_cracked_pipes

Skill      XL: |  1  2  3  4  5  6 |
---------------+-------------------+-----
Ranged Weapons | 6 7 8 9 |  9.4
Dodging        | 3 |  3.0
Fighting       | 2 |  2.0
Stealth        | |  1.2

Action                     |  1- 3 |  4- 6 || total
---------------------------+-------+-------++-------
   Fire: Shortbow          |    70 |   139 ||   209
    Use: Scroll            |     4 |     1 ||     5
         Potion            |     1 |     1 ||     2
 Armour: Ring mail         |    18 |    30 ||    48
         Leather armour    |     1 |       ||     1
  Dodge: Dodged            |    29 |    72 ||   101

Table legend:
 A = Non-vault XP
 B = Vault XP
 C = Vault XP percentage of total XP
 D = Non-vault monster count
 E = Vault monster count
 F = Vault count percentage of total count
                 A         B        C        D         E       F
            +---------+---------+-------+---------+---------+-------
      Total |     358 |      74 |  17.1 |      52 |      12 |  18.8
            +---------+---------+-------+---------+---------+-------
        D:1 |      19 |       0 |   0.0 |       9 |       0 |   0.0
        D:2 |      29 |       0 |   0.0 |      16 |       0 |   0.0
        D:3 |     210 |       0 |   0.0 |      25 |       0 |   0.0
        D:4 |     100 |       3 |   2.9 |       2 |       2 |  50.0
      Sewer |       0 |      71 | 100.0 |       0 |      10 | 100.0
            +---------+---------+-------+---------+---------+-------
